 Dungeon Crawl Stone Soup version 0.24-a0-170-gd8427f5 (webtiles) character file.

Game seed: 2970201266066682739

789 Arthanis the Firebug (level 7, -3/36 HPs)
             Began as a Deep Elf Fire Elementalist on Mar 11, 2019.
             Killed by divine providence
             ... invoked by an orc priest
              (16 damage)
             ... on level 5 of the Dungeon.
             The game lasted 00:11:54 (3710 turns).

Arthanis the Firebug (Deep Elf Fire Elementalist)   Turns: 3710, Time: 00:11:54

Health: -3/36      AC:  6    Str:  5    XL:     7   Next: 56%
Magic:  12/17      EV: 16    Int: 22    God:
Gold:   217        SH:  0    Dex: 18    Spells: 4/17 levels left

rFire    . . .     SeeInvis +   e - +0 dagger
rCold    . . .     Gourm    .   (no shield)
rNeg     + + +     Faith    .   a - +0 robe
rPois    .         Spirit   .   y - +1 helmet of Paimysan {*Slow +Blink rN+++ SInv}
rElec    .         Reflect  .   (no cloak)
rCorr    .         Harm     .   n - +1 pair of gloves
MR       .....                  (no boots)
Stlth    ++........             (no amulet)
HPRegen  0.12/turn              i - +3 ring of evasion
MPRegen  0.15/turn              u - +3 ring of dexterity

@: no status effects
A: no striking features
a: Evoke Blink


You were on level 5 of the Dungeon.
You were not hungry.

You visited 1 branch of the dungeon, and saw 5 of its levels.

You collected 217 gold pieces.

Inventory:

Hand Weapons
 e - a +0 dagger (weapon)
 l - a +0 spear
 t - a +0 spear
 x - a +0 falchion
Armour
 a - a +0 robe (worn)
 n - a +1 pair of gloves (worn)
 y - the +1 helmet of Paimysan (worn) {*Slow +Blink rN+++ SInv}
   (You took it off Robin on level 4 of the Dungeon)

   It renders you almost immune to negative energy.
   It lets you see invisible.
   It lets you blink.
   It may slow you when you take damage.
Jewellery
 i - a +3 ring of evasion (left hand)
 u - a +3 ring of dexterity (right hand)
 w - a +3 ring of strength
Wands
 r - a wand of clouds (5)
Scrolls
 d - a scroll of random uselessness
 f - a scroll of blinking
 k - 6 scrolls of remove curse
 o - a scroll of noise
 p - 3 scrolls of teleportation
 q - a scroll of amnesia
Potions
 g - 2 potions of curing {unknown}
 h - 2 potions of heal wounds
 m - a potion of brilliance {unknown}
 s - a potion of mutation {unknown}
 v - 2 potions of lignification {unknown}
Comestibles
 b - 3 chunks of flesh
 c - 8 rations


   Skills:
 - Level 2.4 Dodging
 - Level 2.4 Stealth
 + Level 5.5 Spellcasting
 * Level 5.8 Conjurations
 * Level 6.6 Fire Magic
 + Level 1.6 Evocations


You had 4 spell levels left.
You knew the following spells:

 Your Spells              Type           Power        Failure   Level  Hunger
a - Flame Tongue          Conj/Fire      ####.        1%          1    None
b - Conjure Flame         Conj/Fire      ####....     2%          3    ##.....
c - Sticky Flame          Conj/Fire      ####....     8%          4    ####...
d - Fireball              Conj/Fire      ####......   21%         5    #####..

Your spell library contained the following spells:

 Spells                   Type           Power        Failure   Level  Hunger
 Throw Flame              Conj/Fire      ####..       1%          2    None
 Inner Flame              Hex/Fire       ###.....     8%          3    ##.....


Dungeon Overview and Level Annotations

Branches:
Dungeon (5/15)
 Temple: D:4-7

Altars:
Nemelex Xobeh
Ru


Message History

The orc priest calls down the wrath of Beogh upon you.
Beogh smites you!
Casting: Flame Tongue (safe; 1% risk of failure)
Confirm with . or Enter, or press ? or * to list all spells.
Aiming: Flame Tongue (safe; 1% risk of failure)
Press: ? - help, Shift-Dir - straight line, f/p - orc priest
Aim: an orc priest, wielding a +0 hand axe (heavily wounded)
The flame tongue hits the orc priest.
The orc priest is almost dead.
An orc comes into view. It is wielding a +0 hand axe.
Casting: Flame Tongue (safe; 1% risk of failure)
Confirm with . or Enter, or press ? or * to list all spells.
Aiming: Flame Tongue (safe; 1% risk of failure)
Press: ? - help, Shift-Dir - straight line, f/p - orc priest
Aim: an orc priest, wielding a +0 hand axe (almost dead)
The flame tongue misses the orc priest.
The orc shouts!
The orc priest calls down the wrath of Beogh upon you.
Beogh smites you!
You die...

# #......##.# #
#......##.#
#######......##.#
..............#.#
#######.......#.# #
#.......#.#
#.#####.#.#
#...####.#.########
#.>.o..).o.@.......
#........(.........
.!..####)#.#######.
#.#.# ###.. ###
#.#.# ....^ .. .
... ..... .# # ..#
#######.#####...
....<.........


You could see an orc priest and an orc.

Vanquished Creatures
  2 ogres
  3 howler monkeys
  A bullfrog zombie (D:3)
  2 hounds
  A centaur skeleton (D:4)
  3 orc wizards
  2 worker ants
  Robin (D:4)
  4 gnolls
  7 adders
  An ooze (D:2)
  An adder skeleton (D:2)
  A worm (D:2)
  3 dart slugs
  5 leopard geckos
  22 orcs
  A ball python (D:1)
  7 bats
  3 giant cockroaches
  13 goblins
  15 hobgoblins
  2 jackals (D:2)
  5 kobolds
  A quokka (D:4)
  4 frilled lizards
  9 rats
119 creatures vanquished.

Notes
Turn   | Place    | Note
-------+----------+-------------------------------------------
     0 | D:1      | Arthanis the Deep Elf Fire Elementalist began the quest for
                  | the Orb.
     0 | D:1      | Reached XP level 1. HP: 10/10 MP: 6/6
   104 | D:1      | Reached XP level 2. HP: 15/15 MP: 2/8
   317 | D:1      | You fall through a shaft!
   320 | D:2      | Reached XP level 3. HP: 19/19 MP: 4/9
   328 | D:2      | Learned a level 3 spell: Conjure Flame
   344 | D:2      | Reached skill level 4 in Fire Magic
   919 | D:2      | Reached XP level 4. HP: 15/24 MP: 3/11
  1228 | D:2      | Learned a level 4 spell: Sticky Flame
  1328 | D:2      | Reached XP level 5. HP: 28/28 MP: 3/13
  1437 | D:3      | Noticed an ogre
  1459 | D:2      | Killed an ogre
  1459 | D:2      | Reached skill level 5 in Fire Magic
  1692 | D:3      | Reached XP level 6. HP: 32/32 MP: 12/14
  1700 | D:3      | Learned a level 5 spell: Fireball
  1820 | D:3      | Found a sacrificial altar of Ru.
  2071 | D:3      | Found a sparkling altar of Nemelex Xobeh.
  2149 | D:4      | Identified the +1 helmet of Paimysan {*Slow +Blink rN+++
                  | SInv}
  2149 | D:4      | Noticed Robin
  2339 | D:4      | Reached skill level 5 in Spellcasting
  2339 | D:4      | Reached skill level 5 in Conjurations
  2339 | D:4      | Reached skill level 6 in Fire Magic
  2464 | D:4      | Reached XP level 7. HP: 36/36 MP: 8/16
  2819 | D:4      | Reached skill level 1 in Evocations
  2915 | D:4      | Killed Robin
  3044 | D:4      | Identified the +1 leather armour "Teno" {rC+}
  3540 | D:5      | Entered Level 5 of the Dungeon
  3710 | D:5      | Killed from afar by an orc priest

Levels and vault maps discovered:
D:1:      ncdulo_wetmaze, layout_rooms
D:2:      layout_rooms
D:3:      cheibrodos_helix_gallery, layout_loops_cross,
          overflow_temple_1_default, nemelex_lonely_heart_becter
D:4:      layout_layer_cave, first_ration, serial_bayou_pond_b,
          kennysheep_path_1, uniq_robin
D:5:      layout_basic, lightli_sewer_entry_pipes

Skill      XL: |  1  2  3  4  5  6  7 |
---------------+----------------------+-----
Conjurations   | 2 3 4 5 |  5.8
Fire Magic     | 4 5 6 |  6.6
Spellcasting   | 4 5 |  5.5
Evocations     | 1 |  1.6
Dodging        | |  2.4
Stealth        | |  2.4

Action                   |  1- 3 |  4- 6 |  7- 9 || total
-------------------------+-------+-------+-------++-------
Melee: Dagger            |     8 |    12 |     2 ||    22
 Cast: Flame Tongue      |    64 |   116 |    57 ||   237
       Sticky Flame      |       |     1 |     4 ||     5
Evoke: Wand              |       |       |     1 ||     1
  Use: Scroll            |       |       |     8 ||     8
 Stab: Sleeping          |       |     2 |       ||     2
  Eat: Chunk             |       |     5 |     2 ||     7
       Ration            |       |       |     1 ||     1
Armor: Robe              |     5 |     6 |     6 ||    17
Dodge: Dodged            |    38 |    50 |    21 ||   109

Table legend:
 A = Non-vault XP
 B = Vault XP
 C = Vault XP percentage of total XP
 D = Non-vault monster count
 E = Vault monster count
 F = Vault count percentage of total count
                 A         B        C        D         E       F
            +---------+---------+-------+---------+---------+-------
      Total |    1043 |      85 |   7.5 |     101 |      18 |  15.1
            +---------+---------+-------+---------+---------+-------
        D:1 |      45 |       0 |   0.0 |      25 |       0 |   0.0
        D:2 |     239 |       0 |   0.0 |      18 |       0 |   0.0
        D:3 |     186 |      20 |   9.7 |      29 |       4 |  12.1
        D:4 |     434 |      65 |  13.0 |      21 |      14 |  40.0
        D:5 |     139 |       0 |   0.0 |       8 |       0 |   0.0
            +---------+---------+-------+---------+---------+-------
